 Dungeon Crawl Stone Soup version 0.27.0-1-g7a089689b8 (webtiles) character file.

Game seed: 8681136025420345553

55 zxcv the Magician (level 4, -9/31 HPs)
             Began as a Djinni Hedge Wizard on Aug 9, 2021.
             Killed from afar by a white imp (13 damage)
             ... with a puff of frost
             ... on level 3 of the Dungeon.
             The game lasted 00:03:35 (2355 turns).

zxcv the Magician (Djinni Hedge Wizard)             Turns: 2355, Time: 00:03:35

Health: -9/31      AC:  2    Str:  9    XL:     4   Next: 14%
Gold:   100        EV: 12    Int: 17    God:
                   SH:  0    Dex: 12

rFire    + + .     SeeInvis .   f - +2 dagger (elec)
rCold    x . .     Faith    .   (no shield)
rNeg     . . .     Spirit   .   b - +0 robe
rPois    ∞         Reflect  .   c - +0 hat
rElec    .         Harm     .   (no cloak)
rCorr    .         Rampage  .   (no gloves)
Will     .....                  (boots unavailable)
Stlth    ++........             (no amulet)
HPRegen  0.10/turn              (no ring)
MPRegen  0.00/turn              (no ring)

@: flying, very slightly contaminated
A: sickness immunity, fire resistance 2, cold vulnerability 1, float, innate
caster, hp casting, extra vitality 1
a: no special abilities


You were on level 3 of the Dungeon.
You visited 1 branch of the dungeon, and saw 3 of its levels.

You collected 100 gold pieces.

Inventory:

Hand Weapons
 a - a +0 dagger
 f - a +2 dagger of electrocution (weapon)
Armour
 b - a +0 robe (worn)
 c - a +0 hat (worn)
Scrolls
 d - 2 scrolls of blinking {unknown}
 e - a scroll of fear {unknown}
 h - a scroll of amnesia {unknown}
 j - 2 scrolls of vulnerability {unknown}
 m - 2 scrolls of immolation {unknown}
Potions
 g - 2 potions of haste {unknown}
 i - 2 potions of degeneration {unknown}
 k - a potion of berserk rage {unknown}
 l - a potion of experience {unknown}


   Skills:
 * Level 0.8 Fighting
 + Level 2.4 Dodging
 + Level 1.7 Stealth
 * Level 3.4 Spellcasting


You couldn't memorise any spells.
You knew the following spells:

 Your Spells              Type           Power      Damage    Failure   Level
a - Magic Dart            Conj           56%        1d5       4%          1
b - Blink                 Tloc           N/A        N/A       6%          2
c - Call Imp              Summ           14%        N/A       6%          2
d - Slow                  Hex            14%        N/A       6%          2
e - Conjure Flame         Conj/Fire      14%        6-21      12%         3
f - Mephitic Cloud        Conj/Pois/Air  14%        N/A       12%         3
g - Freeze                Ice            56%        1d7       4%          1
Your spell library was empty.

Dungeon Overview and Level Annotations

Branches:
Dungeon (3/15)

Altars:
Cheibriados
The Shining One

Annotations:
D:3 Ijyb


Innate Abilities, Weirdness & Mutations

You are immune to sickness and miasma.
You are immune to poison.
Your flesh is very heat resistant. (rF++)
You are vulnerable to cold. (rC-)
You float through the air rather than walking.
You learn spells naturally, not from books.
Your magical power is your life essence.
You have superior vitality. (+4 HP)


Message History

Confirm with . or Enter, or press ? or * to list all spells.
Aiming: Magic Dart (safe; 4% risk of failure)
Press: ? - help, Shift-Dir - straight line, f/p - hobgoblin zombie
Aim: a hobgoblin zombie (heavily damaged, 100% to hit)
The magic dart hits the hobgoblin zombie.
The hobgoblin zombie is almost destroyed.
Casting: Magic Dart (safe; 4% risk of failure)
Confirm with . or Enter, or press ? or * to list all spells.
Aiming: Magic Dart (safe; 4% risk of failure)
Press: ? - help, Shift-Dir - straight line, f/p - hobgoblin zombie
Aim: a hobgoblin zombie (almost destroyed, 100% to hit)
The magic dart hits the hobgoblin zombie.
You destroy the hobgoblin zombie!
A kobold skeleton comes into view.
A goblin skeleton comes into view.
Found a glowing golden altar of the Shining One.
A white imp comes into view.
The white imp shouts!
A hobgoblin zombie comes into view.
Casting: Magic Dart (safe; 4% risk of failure)
Confirm with . or Enter, or press ? or * to list all spells.
Aiming: Magic Dart (safe; 4% risk of failure)
Press: ? - help, Shift-Dir - straight line, f - goblin skeleton
Aim: a goblin skeleton (wandering, hasn't noticed you, 100% to hit)
The magic dart hits the goblin skeleton.
The goblin skeleton is heavily damaged.
The white imp gestures at you. The puff of frost hits you!!
You feel a terrible chill!
Ouch! That really hurt!
* * * LOW HITPOINT WARNING * * *
Casting: Magic Dart (safe; 4% risk of failure)
Confirm with . or Enter, or press ? or * to list all spells.
Okay, then.
You are not religious.
You reach down and open the door.
The white imp gestures at you. The puff of frost hits you!
You feel a terrible chill!
You die...

##.......(...# ..).............
.$ ... ##.............. .. #..
#....###.###...# .# #.# ....##
.'# #..# .# #.# ....# ..( #..#
.# #.###### ..... ....##..# .#
#.#....# ##...+
._.5'...##'#####.#.#.#..# #..Z.
..ZZ.!Z..@.......#.#.#.##.
#..##.....##.......#####.#......
# #.......###.#....####
#Z.............<.'...
.........######....####
.......>... .......#
..........#######...#
..........# #...# .........#
#...#


You could see a white imp, 2 hobgoblin zombies, a goblin skeleton and a kobold
skeleton.

Vanquished Creatures
  An orc (D:3)
  A bat (D:3)
  2 endoplasms (D:2)
  2 giant cockroaches
  2 goblins
  A quokka (D:2)
  2 ball pythons
  A frilled lizard (D:2)
  A hobgoblin zombie (D:3)
  2 kobolds (D:1)
  A kobold zombie (D:3)
  An orc zombie (D:3)
  A rat (D:3)
18 creatures vanquished.

Vanquished Creatures (collateral kills)
  Jessica (D:2)
  2 adders
  A worm (D:2)
  An endoplasm (D:3)
5 creatures vanquished.

Grand Total: 23 creatures vanquished

Notes
Turn   | Place    | Note
-------+----------+-------------------------------------------
     0 | D:1      | zxcv the Djinni Hedge Wizard began the quest for the Orb.
     0 | D:1      | Reached XP level 1. HP: 15/15 MP: 0/0
   694 | D:1      | Found a faded altar of an unknown god.
  1193 | D:2      | Reached XP level 2. HP: 13/21 MP: 0/0
  1546 | D:2      | Noticed Jessica
  1555 | D:2      | Killed Jessica
  1556 | D:2      | Reached skill level 3 in Spellcasting
  1556 | D:2      | Reached XP level 3. HP: 16/26 MP: 0/0
  1556 | D:2      | Learned a level 1 spell: Freeze
  2000 | D:3      | Reached XP level 4. HP: 24/31 MP: 0/0
  2116 | D:3      | Found a snail-covered altar of Cheibriados.
  2139 | D:3      | Noticed Ijyb
  2350 | D:3      | Found a glowing golden altar of the Shining One.
  2355 | D:3      | Killed from afar by a white imp

Illustrated notes

Levels and vault maps discovered:
D:1:      elethiomel_arrival_maze, layout_loops_ring,
          ebering_ecumenical_altar_abandoned, minmay_fountain_box
D:2:      layout_basic, uniq_jessica
D:3:      layout_basic, general_overflow_altar, nicolae_tso_besieged_by_evil,
          uniq_ijyb

Skill      XL: |  1  2 |
---------------+-------+-----
Spellcasting   | 3 |  3.4
Fighting       | |  0.8
Dodging        | |  2.4
Stealth        | |  1.7

Action                   |  1- 3 |  4- 6 || total
-------------------------+-------+-------++-------
 Cast: Magic Dart        |    58 |    12 ||    70
       Call Imp          |     5 |     3 ||     8
       Mephitic Cloud    |       |     1 ||     1
Armor: Robe              |     4 |       ||     4
Dodge: Dodged            |    12 |       ||    12
